 Dungeon Crawl Stone Soup version 0.17-a0-995-gb5fa8d7 (webtiles) character file.

77 ahoge the Skirmisher (level 4, 0/29 HPs)
             Began as a Gargoyle Fighter on May 12, 2015.
             Slain by an adder (3 damage)
             ... on level 2 of the Dungeon.
             The game lasted 00:04:29 (923 turns).

ahoge the Skirmisher (Gargoyle Fighter)              Turns: 923, Time: 00:04:29

Health: 0/29       AC: 10    Str: 19    XL:     4   Next: 34%
Magic:  4/4        EV:  7    Int:  9    God:
Gold:   71         SH:  9    Dex: 10    Spells: 0 memorised, 3 levels left

rFire  . . .     SeeInvis .     a - +0 flail
rCold  . . .     Clarity  .     b - +0 scale mail
rNeg   + . .     SustAb   .     c - +0 shield
rPois  ∞         Gourm    .     (no helmet)
rElec  +         Spirit   .     (no cloak)
rCorr  .         Warding  .     (no gloves)
rMut   .         Stasis   .     (no boots)
MR     .....                    (no amulet)
Stlth  ..........               k - ring of loudness (curse)
                                g - ring of wizardry

@: not resistant to hostile enchantments, extremely unstealthy
A: negative energy resistance 1, electricity resistance, unbreathing,
petrification resistance, rot immunity, AC +3
a: no special abilities


You were on level 2 of the Dungeon.
You were not hungry.

You visited 1 branch of the dungeon, and saw 2 of its levels.

You collected 71 gold pieces.

Inventory:

Hand weapons
 a - a +0 flail (weapon)
Armour
 b - a +0 scale mail (worn)
 c - a +0 shield (worn)
Jewellery
 g - a ring of wizardry (left hand)
 k - a cursed ring of loudness (right hand)
Magical devices
 u - a wand of random effects (19)
Scrolls
 f - 2 scrolls of remove curse {unknown}
 l - 2 scrolls of enchant weapon {unknown}
 m - 3 scrolls of enchant armour {unknown}
 n - a scroll of random uselessness {unknown}
 o - 2 scrolls of recharging {unknown}
 r - a scroll of amnesia {unknown}
 s - 2 scrolls of identify {unknown}
 v - a scroll of blinking {unknown}
 x - a scroll of fear {unknown}
Potions
 d - a potion of might
 h - a potion of agility {unknown}
 i - a potion of haste {unknown}
 j - a potion of mutation {unknown}
 p - a potion of curing {unknown}
 q - a potion of degeneration {unknown}
 w - 2 potions of lignification {unknown}
Comestibles
 e - 2 bread rations
 t - 2 chunks of flesh


   Skills:
 + Level 4.1 Fighting
 + Level 2.4 Maces & Flails
 + Level 3.9 Armour
 + Level 0.7 Dodging
 + Level 0.5 Stealth
 + Level 3.6 Shields


You had 3 spell levels left.
You didn't know any spells.

Dungeon Overview and Level Annotations

Branches:
Dungeon (2/15)

Altars:
Dithmenos
Gozag


Innate Abilities, Weirdness & Mutations

You are resistant to torment.
Your stone body is resilient (AC +3).
You are immune to poison.
You resist negative energy.
You are resistant to electric shocks.
You can survive without breathing.
You are immune to petrification.
You are immune to rotting.


Message History

You miss the adder.
The adder is severely wounded.
You block the adder's attack. The hobgoblin barely misses you.
The adder bites you.
* * * LOW HITPOINT WARNING * * *
You miss the adder.
The adder is severely wounded.
The adder bites you but does no damage. The hobgoblin hits you with a club.
* * * LOW HITPOINT WARNING * * *
The adder bites you but does no damage. The adder barely misses you.
You block the adder's attack. The adder bites you.
* * * LOW HITPOINT WARNING * * *
You hit the hobgoblin.
The hobgoblin is moderately wounded.
The hobgoblin hits you with a club.
* * * LOW HITPOINT WARNING * * *
The adder bites you.
You die...

..# #..#..# #.#
#.....##.....##... #..
............! #..
#.........# #..#
##..._..(##
#.?.##.....!...##.
####.................
.....#.Sg##..)..##.
.......@###..#..## .
........##..###..##.#
.....#......###.....#
.............#...####
### ##...........###
###.....#........<
#....##............
#####.##.##)..(........
.........)............


You could see an adder and a hobgoblin.

Vanquished Creatures
  A hound (D:2)
  An ooze (D:1)
  2 worms (D:2)
  A giant gecko (D:2)
  4 giant cockroaches
  2 goblins (D:1)
  8 hobgoblins
  5 kobolds
  A quokka (D:2)
  2 bats (D:2)
  A giant newt (D:2)
  3 rats
31 creatures vanquished.

Notes
Turn   | Place    | Note
--------------------------------------------------------------
     0 | D:1      | ahoge the Gargoyle Fighter began the quest for the Orb.
     0 | D:1      | Reached XP level 1. HP: 14/14 MP: 1/1
   114 | D:1      | Reached XP level 2. HP: 19/19 MP: 2/2
   646 | D:2      | Reached XP level 3. HP: 22/24 MP: 3/3
   773 | D:2      | Found an opulent altar of Gozag.
   867 | D:2      | Reached skill level 4 in Fighting
   867 | D:2      | Reached XP level 4. HP: 13/29 MP: 4/4
   908 | D:2      | Found a shadowy altar of Dithmenos.
   923 | D:2      | Slain by an adder

Vault maps used:
D:1:      scummos_arrival_simple_fountains, serial_glass, glass_columns_a,
          glass_columns_b, glass_columns_b, glass_columns_c, glass_columns_a,
          glass_columns_a
D:2:      makhleb_blood_cavern_becter, nicolae_dithmenos_shadow_blocks,
          grunt_gozag_breadcrumbs, uniq_jessica

Action                   |  1- 3 |  4- 6 || total
-------------------------+-------+-------++-------
Melee: Flail             |    98 |    31 ||   129
